 Dungeon Crawl Stone Soup version 0.28.0-47-ge53b351184 (webtiles) character file.

Game seed: 1694283791412750670

893 Zeld the Chiller (level 8, -19/60 HPs)
             Began as a Merfolk Ice Elementalist on Apr 29, 2022.
             Demolished by a shadow (27 damage)
             ... on level 4 of the Dungeon.
             The game lasted 00:08:08 (7503 turns).

Zeld the Chiller (Merfolk Ice Elementalist)         Turns: 7503, Time: 00:08:09

Health: -19/60     AC:  6    Str:  8    XL:     8   Next: 6%
Magic:  14/14      EV: 13    Int: 16    God:
Gold:   26         SH:  0    Dex: 15    Spells: 4/15 levels left

rFire   . . .      SeeInvis .   a - +0 halberd
rCold   . . .      Faith    .   (shield currently unavailable)
rNeg    . . .      Spirit   .   q - +0 robe
rPois   .          Reflect  .   (no helmet)
rElec   .          Harm     .   c - +0 cloak
rCorr   .          Rampage  .   (no gloves)
Will    .....                   e - +2 pair of boots
Stlth   +++.......              (no amulet)
HPRegen 0.20/turn               (no ring)
MPRegen 0.14/turn               (no ring)

@: about to teleport
A: (nimble swimmer 2), mertail
a: no special abilities


You were on level 4 of the Dungeon.
You visited 1 branch of the dungeon, and saw 5 of its levels.

You collected 125 gold pieces.
You spent 99 gold pieces at shops.

Inventory:

Hand Weapons
 a - a +0 halberd (weapon)
 s - a +0 bardiche
Armour
 c - a +0 cloak (worn)
 e - a +2 pair of boots (worn)
 q - a +0 robe (worn)
Jewellery
 j - a ring of protection from fire
Wands
 w - a wand of digging (4)
Scrolls
 b - a scroll of amnesia {unknown}
 g - a scroll of enchant armour {unknown}
 h - a scroll of vulnerability {unknown}
 k - 4 scrolls of identify
 m - a scroll of magic mapping {unknown}
 n - a scroll of summoning {unknown}
 o - 6 scrolls of teleportation
 v - a scroll of immolation {unknown}
Potions
 d - a potion of invisibility {unknown}
 f - a potion of might {unknown}
 i - 3 potions of degeneration {unknown}
 l - 2 potions of mutation {unknown}
 p - 2 potions of heal wounds {unknown}
 r - a potion of cancellation {unknown}
 t - a potion of curing {unknown}
 u - 2 potions of brilliance {unknown}


   Skills:
 * Level 4.0 Fighting
 * Level 3.4 Polearms
 + Level 1.8 Armour
 + Level 4.3 Dodging
 + Level 3.9 Stealth
 * Level 4.0 Spellcasting
 + Level 1.1 Conjurations
 * Level 6.0 Ice Magic


You had 4 spell levels left.
You knew the following spells:

 Your Spells              Type           Power      Damage    Failure   Level
a - Freeze                Ice            88%        1d10      1%          1
b - Frozen Ramparts       Ice            44%        1d6       4%          3
c - Ozocubu's Armour      Ice            22%        N/A       4%          3
d - Hailstorm             Conj/Ice       14%        3d5       36%         4

Your spell library contained the following spells:

 Spells                   Type           Power      Damage    Failure   Level
 Summon Lightning Spire   Summ/Air       3%         N/A       86%         4
 Storm Form               Tmut/Air       1%         N/A       100%        7
 Maxwell's Capacitive Co  Air            1%         ∞         100%        8


Dungeon Overview and Level Annotations

Branches:
Dungeon (5/15)
 Temple: D:4-7

Altars:
Cheibriados

Shops:
D:4 *

Annotations:
D:2 Sigmund


Innate Abilities, Weirdness & Mutations

((You are very nimble when in or above water. (Stealth+, EV+, Speed+++)))
Your lower body shifts to a powerful aquatic tail in water.


Message History

There is a strange disturbance nearby!
No target in view!
There is a strange disturbance nearby!
You start waiting.
The shadow strikes at you from the darkness!
Ouch! That really hurt!
Reactivating autopickup.
A shadow is nearby!
Okay, then.
A shadow is nearby!
Okay, then.
The shadow slips into darkness.
The shadow flickers and vanishes!
Deactivating autopickup; reactivate with Ctrl-A.
The shadow strikes at you from the darkness!
Reactivating autopickup.
There is an open door here.
You close the door.
A shadow opens the door.
The shadow slips into darkness.
The shadow flickers and vanishes!
Deactivating autopickup; reactivate with Ctrl-A.
There is a stone staircase leading up here.
The shadow strikes at you from the darkness!
* * * LOW HITPOINT WARNING * * *
Reactivating autopickup.
You climb upwards.
There is a stone staircase leading down here.
As you read the scroll labelled IVVOOCKUFF, it crumbles to dust.
It is a scroll of identify.
o - 7 scrolls of teleportation The shadow hits you.
* * * LOW HITPOINT WARNING * * *
As you read the scroll of teleportation, it crumbles to dust.
You feel strangely unstable.
The shadow slips into darkness.
The shadow flickers and vanishes!
Deactivating autopickup; reactivate with Ctrl-A.
Unknown command.
The shadow strikes at you from the darkness!
You die...

#........'.........'.............
#.#...#.##.........####...#####.#
#.##.##.###.......## #.....# #.#
#.##.##.# ##.....## #.###.# #.#
#....##.# ##...## #.# #.# #.#
#.#####.# ##+## #.###.###.#
#.#####.# #.# #.........#
#.......### #.### #####.#####
#...>.....# ##.#@##########.#
#.#######.###..{#...........#
#.....###.##...>.############
#.###............#
#.........####.### ###########
###


There were no monsters in sight!

Vanquished Creatures
  A sky beast (D:5)
  A necrophage (D:5)
  An ogre (D:5)
  3 scorpions
  A water moccasin skeleton (D:5)
  A hound (D:3)
  An iguana (D:5)
  Terence (D:2)
  A hound skeleton (D:4)
  A mummy (D:4)
  9 adders
  8 gnolls (D:4)
  A howler monkey skeleton (D:4)
  A shadow imp (D:3)
  An adder zombie (D:5)
  An adder skeleton (D:4)
  2 worms (D:2)
  2 dart slugs
  5 orcs
  5 bats
  5 endoplasms
  3 giant cockroaches
  8 goblins
  12 hobgoblins
  3 jackals (D:1)
  4 kobolds
  6 quokkas
  8 ball pythons
  4 frilled lizards
  6 rats
106 creatures vanquished.

Notes
Turn   | Place    | Note
-------+----------+-------------------------------------------
     0 | D:1      | Zeld the Merfolk Ice Elementalist began the quest for the
                  | Orb.
     0 | D:1      | Reached XP level 1. HP: 13/13 MP: 3/3
   303 | D:1      | Reached XP level 2. HP: 18/20 MP: 0/5
   565 | D:1      | Reached skill level 1 in Fighting
  1083 | D:1      | Reached XP level 3. HP: 21/26 MP: 3/6
  1356 | D:1      | Found a faded altar of an unknown god.
  1756 | D:2      | Learned a level 3 spell: Frozen Ramparts
  2121 | D:2      | Reached XP level 4. HP: 32/32 MP: 5/7
  2248 | D:2      | Noticed Terence
  2256 | D:2      | Killed Terence
  2433 | D:2      | Noticed Sigmund
  2718 | D:2      | Reached XP level 5. HP: 38/38 MP: 5/9
  3006 | D:3      | Reached skill level 5 in Ice Magic
  3633 | D:3      | Reached skill level 1 in Armour
  3707 | D:3      | Learned a level 3 spell: Ozocubu's Armour
  4774 | D:4      | Reached XP level 6. HP: 46/46 MP: 4/10
  4835 | D:4      | Learned a level 4 spell: Hailstorm
  4905 | D:4      | Found Teanli's Mass Market.
  5072 | D:4      | Bought a +0 bardiche for 99 gold pieces
  5469 | D:4      | Reached skill level 1 in Polearms
  5852 | D:4      | Found a snail-covered altar of Cheibriados.
  5961 | D:5      | Entered Level 5 of the Dungeon
  6110 | D:5      | Reached XP level 7. HP: 50/52 MP: 7/12
  7191 | D:5      | Reached skill level 1 in Conjurations
  7283 | D:5      | Reached skill level 6 in Ice Magic
  7283 | D:5      | Reached XP level 8. HP: 40/60 MP: 7/14
  7469 | D:5      | Noticed a shadow
  7503 | D:4      | Demolished by a shadow

Illustrated notes

Levels and vault maps discovered:
D:1:      lightli_arrival_boilingwater, layout_basic, basic_ecumenical_altar
D:2:      layout_basic, minmay_pentomino_o4, uniq_terence, uniq_sigmund
D:3:      layout_loops_ring
D:4:      layout_loops_corners, chei_slow_surprise, minmay_shop_mass
D:5:      layout_loops_corners

Skill      XL: |  1  2  3  4  5  6  7 |
---------------+----------------------+-----
Fighting       | 1 2 3 4 |  4.0
Dodging        | 3 4 |  4.3
Ice Magic      | 5 6 |  6.0
Armour         | 1 |  1.8
Stealth        | 3 |  3.9
Spellcasting   | 3 4 |  4.0
Polearms       | 2 3 |  3.4
Conjurations   | 1 |  1.1

Action                   |  1- 3 |  4- 6 |  7- 9 || total
-------------------------+-------+-------+-------++-------
Melee: Unarmed           |    78 |   101 |       ||   179
       Punch             |     5 |     2 |       ||     7
       Halberd           |       |    20 |    52 ||    72
 Cast: Freeze            |    63 |    86 |    18 ||   167
       Frozen Ramparts   |       |    10 |     4 ||    14
  Use: Scroll            |       |       |     2 ||     2
 Stab: Sleeping          |       |     5 |     1 ||     6
Armor: Robe              |    37 |    52 |    16 ||   105
Dodge: Dodged            |    86 |   119 |    53 ||   258
